Cogmind - Beta 16 @@@ ROGUE MODE // 2025.11.25 @ 08:34:47 Player: 3.14 Result: Self-destructed Performance ------------- Evolutions (3) 1500 Regions Visited (6) 1200 Robots Destroyed (34) 170 Value Destroyed (434) 434 Prototype IDs (24) 480 Alien Tech Used (0) 0 Bonus (300) 300 TOTAL SCORE: 4084 Bonus ------- Aligned with FarCom 300 Cogmind --------- Core Integrity 700/700 Matter 7/300 Energy 125/125 System Corruption 0% Temperature Cool (36) Movement Flying (29) Location -7/Factory Parts ------- > --- POWER (1) -------- Light Ion Engine > --- PROPULSION (4) --- Flight Unit Flight Unit Flight Unit Surge Thruster > --- UTILITY (4) ------ Target Analyzer Improved Light Armor Plating Trap Reconfigurator > --- WEAPON (4) ------- Light Assault Rifle Enhanced Autogun Enhanced Autogun Enhanced Autogun > --- INVENTORY (5) ---- Surge Thruster Trap Extractor (4/4 Heavy EX) Light Assault Rifle Grenade Launcher Peak State ------------ > --- POWER ------------ Light Ion Engine > --- PROPULSION ------- Flight Unit Flight Unit Flight Unit Surge Thruster > --- UTILITY ---------- Target Analyzer Improved Light Armor Plating Trap Reconfigurator > --- WEAPON ----------- Light Assault Rifle Enhanced Autogun Enhanced Autogun Enhanced Autogun > --- INVENTORY -------- Surge Thruster Trap Extractor Light Assault Rifle Grenade Launcher [Rating: 35] Favorites ----------- Power Ion Engine Engine Ion Engine Propulsion Light Treads Treads Light Treads Flight Unit Flight Unit Utility Seismic Detector Device Seismic Detector Storage High-capacity Storage Unit Processor Target Analyzer Hackware Hacking Suite Protection Improved Light Armor Plating Weapon Light Assault Rifle Ballistic Gun Light Assault Rifle Build | -11 -10 -10 -10 -9 -8 -7 ------- Run | Yrd Mat Min Exi Min Mat Fac Slots Evolved 6 | . . . . . 4 2 Power . | . . . . . . . Propulsion 2 | . . . . . 2 . Utility 2 | . . . . . . 2 Weapon 2 | . . . . . 2 . Parts Attached 38 | 8 1 . 2 2 25 . Power 2 | 1 . . . 1 . . Engine 2 | 1 . . . 1 . . Core . | . . . . . . . Reactor . | . . . . . . . Propulsion 11 | 2 . . . . 9 . Treads 2 | 2 . . . . . . Leg . | . . . . . . . Wheel . | . . . . . . . Hover . | . . . . . . . Flight 9 | . . . . . 9 . Utility 12 | 3 . . 2 1 6 . Device 4 | 2 . . . 1 1 . Storage 3 | 1 . . 2 . . . Processor 1 | . . . . . 1 . Hackware 2 | . . . . . 2 . Protection 2 | . . . . . 2 . Artifact . | . . . . . . . Weapon 13 | 2 1 . . . 10 . Energy Gun . | . . . . . . . Energy Cannon . | . . . . . . . Ballistic Gun 13 | 2 1 . . . 10 . Ballistic Cannon . | . . . . . . . Launcher . | . . . . . . . Special Weapon . | . . . . . . . Impact Weapon . | . . . . . . . Slashing Weapon . | . . . . . . . Piercing Weapon . | . . . . . . . Special Melee Weapon . | . . . . . . . Unidentified Prototypes 1 | . . . . . 1 . Parts Lost 3 | . . . . . 3 . Power . | . . . . . . . Propulsion 2 | . . . . . 2 . Utility 1 | . . . . . 1 . Weapon . | . . . . . . . Highest Loss Streak 3 | . . . . . 3 . To Critical Strikes . | . . . . . . . Average Backups 10 | 3 7 8 10 16 5 4 Power . | . 1 1 1 1 . . Propulsion 2 | 1 2 2 2 4 1 1 Utility 2 | . . . 2 4 2 1 Weapon 4 | 1 4 5 5 7 1 2 Tool/Special . | . . . . . . . Unused Backups 16 | . 2 . . 2 10 2 Power 1 | . . . . . 1 . Propulsion 3 | . . . . 2 1 . Utility 3 | . . . . . 3 . Weapon 9 | . 2 . . . 5 2 Tool/Special . | . . . . . . . Average Slot Usage (%) 98 | . 100 100 100 100 95 90 Engine 12 | . 14 14 14 14 9 7 Treads 20 | . 28 28 28 28 . . Flight 9 | . . . . . 34 30 Device 11 | . 14 14 14 14 5 7 Storage 10 | . 14 14 14 14 . . Hackware 1 | . . . . . 5 . Protection 1 | . . . . . 3 5 Ballistic Gun 29 | . 28 28 28 28 34 30 Peak Build Rating 35 | 7 7 7 9 10 33 35 Average Rating 11 | 6 7 7 7 9 17 34 On Entrance 10 | . 7 7 7 9 10 33 Avg Prop Armor Cover (%) 9 | . . . . . 9 . Naked Turns . | . . . . . . . Heaviest Build 50 | 15 15 14 49 50 16 17 Greatest Support 40 | 40 40 40 40 40 19 19 Greatest Overweight (x) 2 | . . . 1 1 2 . Average Overweight (x) . | . . . . 1 . . Largest Inventory Capacity 20 | 8 8 8 20 20 20 5 Average Capacity 13 | 7 8 8 17 20 5 5 Most Carried 20 | 6 8 8 12 20 20 5 Average Carried 10 | 3 7 8 10 16 5 4 Final Capacity 20 | 8 8 8 20 20 5 5 Final Carried 20 | 5 8 8 12 20 5 4 Class Distribution -------------------- 75% | Mutant 16% | Scavenger-Sprinter 8% | Scavenger-Skirmisher Dominant Class ---------------- Mutant | -10/Materials Mutant | -10/Mines Mutant | -10/Exiles Mutant | -9/Mines Scavenger-Sprinter | -8/Materials Scavenger-Sprinter | -7/Factory Resources | -11 -10 -10 -10 -9 -8 -7 ----------- Run | Yrd Mat Min Exi Min Mat Fac Matter Collected 897 | 352 130 . 40 172 94 109 Remotely 167 | 167 . . . . . . Salvage Created 871 | 193 211 . . 309 158 . Parts 74 | 21 13 . . 23 17 . Haulers Intercepted 2 | . . . . . 2 . Recyclers Shooed 3 | . . . . 2 1 . Parts Field Recycled . | . . . . . . . Retrieved Matter . | . . . . . . . Parts Self-Destructed . | . . . . . . . Prevented . | . . . . . . . Parts Restored . | . . . . . . . Kills | -11 -10 -10 -10 -9 -8 -7 ------- Run | Yrd Mat Min Exi Min Mat Fac Combat Hostiles Destroyed 20 | . 7 . . 10 3 . Guns 20 | . 7 . . 10 3 . Classes Destroyed 9 | 3 2 . . 1 3 . Worker 2 | 2 . . . . . . Builder 1 | . . . . 1 . . Tunneler 5 | 5 . . . . . . Hauler 2 | . . . . . 2 . Recycler 3 | 1 . . . 2 . . Operator 1 | . . . . . 1 . Swarmer 15 | . 3 . . 10 2 . Cutter 1 | . . . . . 1 . Grunt 4 | . 4 . . . . . Best Kill Streak 7 | 5 7 . . 3 2 . Combat Bots Only 7 | . 7 . . 3 2 . Max Kills in Single Turn 2 | 2 1 . . 2 1 . Gunslinging . | . . . . . . . Exploded . | . . . . . . . Melee . | . . . . . . . Uniques/NPCs Destroyed . | . . . . . . . Combat | -11 -10 -10 -10 -9 -8 -7 -------- Run | Yrd Mat Min Exi Min Mat Fac Hostile Shots Fired 121 | . 29 . . 57 25 10 Missed 37 | . 5 . . 16 12 4 Hits 84 | . 24 . . 41 13 6 Melee 5 | . . . . . 5 . Projectile 79 | . 24 . . 41 8 6 AOE 2 | . . . . . 2 . Critical Strikes 5 | . 1 . . . 4 . Damage Taken 1011 | . 253 . . 329 330 99 Core 205 | . 27 . . 101 77 . Absorbed by Shields . | . . . . . . . Core Remaining (%) 78 | 100 . . . 48 86 . Volleys Fired 98 | 12 20 . . 31 26 9 Largest 4 | 2 2 . . 2 4 4 Hottest 95 | 40 40 . . 40 95 95 Shots Fired 248 | 24 40 . . 62 92 30 Gun 248 | 24 40 . . 62 92 30 Cannon . | . . . . . . . Launcher . | . . . . . . . Special . | . . . . . . . Kinetic 248 | 24 40 . . 62 92 30 Thermal . | . . . . . . . Explosive . | . . . . . . . Electromagnetic . | . . . . . . . Robot Hit Streak 10 | 5 9 . . 10 5 6 Robot Miss Streak 7 | 1 3 . . 7 5 4 Penetration Max . | . . . . . . . Secondary Targets 3 | . . . . 3 . . Max Gunslinging Chain 1 | . . . . 1 . . Shots Hit Robots 134 | 16 28 . . 27 47 16 Core Hits 59 | 9 12 . . 16 18 4 Critical Kills . | . . . . . . . Critical Parts Destroyed 1 | . 1 . . . . . Critical Strikes 1 | . 1 . . . . . Destroy 1 | . 1 . . . . . Melee Attacks . | . . . . . . . Impact . | . . . . . . . Slashing . | . . . . . . . Piercing . | . . . . . . . Sneak Attacks . | . . . . . . . Combat Hostiles . | . . . . . . . Follow-up Attacks . | . . . . . . . Damage Inflicted 1594 | 211 340 . . 312 479 252 Guns 1586 | 211 340 . . 304 479 252 Cannons . | . . . . . . . Explosions . | . . . . . . . Melee . | . . . . . . . Ramming 8 | . . . . 8 . . Kinetic 1586 | 211 340 . . 304 479 252 Thermal . | . . . . . . . Explosive . | . . . . . . . Electromagnetic . | . . . . . . . Impact . | . . . . . . . Slashing . | . . . . . . . Piercing . | . . . . . . . Highest Corruption 2 | . . . . . 2 . Average Corruption 1 | . . . . . 1 . Corruption Purged . | . . . . . . . Corruption Blocked . | . . . . . . . Effects 2 | . . . . . 2 . Message Errors 1 | . . . . . 1 . Matter Fused 1 | . . . . . 1 . Overload Shots . | . . . . . . . Overflow Damage . | . . . . . . . Projectiles . | . . . . . . . Explosions . | . . . . . . . Melee . | . . . . . . . Knockbacks . | . . . . . . . Impact . | . . . . . . . Kinetic . | . . . . . . . Secondary . | . . . . . . . Self-Inflicted Damage 88 | . . . . . 88 . Shots 1 | . . . . . 1 . Rammed 2 | . . . . 1 1 . Targets Rammed 3 | . . . . 2 1 . Kicked . | . . . . . . . Crushed 1 | . . . . 1 . . Highest Temperature 214 | . 2 . . . 154 214 Average Temperature 59 | . 2 . . . 54 79 Received Heat Transfer 195 | . 105 . . . 36 54 Siege Activations . | . . . . . . . Martial Activations . | . . . . . . . Shielding Activations . | . . . . . . . Robots Disrupted . | . . . . . . . Combat Hostiles . | . . . . . . . Robots Corrupted . | . . . . . . . Combat Hostiles . | . . . . . . . Parts Fried . | . . . . . . . Impact Corruptions . | . . . . . . . Robots Melted . | . . . . . . . Combat Hostiles . | . . . . . . . Parts Melted . | . . . . . . . Heat Transferred . | . . . . . . . Parts Sabotaged . | . . . . . . . Parts Stolen . | . . . . . . . Parts Stripped . | . . . . . . . Power Chain Reactions . | . . . . . . . Alert | -11 -10 -10 -10 -9 -8 -7 ------- Run | Yrd Mat Min Exi Min Mat Fac Maximum Alert Level . | . . . . . . . Low Security (%) 100 | 100 100 100 . 100 100 100 Level 1 . | . . . . . . . Level 2 . | . . . . . . . Level 3 . | . . . . . . . Level 4 . | . . . . . . . Level 5 . | . . . . . . . High Security . | . . . . . . . Max Security . | . . . . . . . Peak Influence 140 | 15 140 46 . 89 105 45 Initial 46 | . . 46 . . 12 44 Average 27 | 1 40 34 . 24 41 19 Influence Increases 809 | 40 170 . . 260 294 45 Destroy 0b10 Robot/C 400 | . 140 . . 200 60 . Destroy 0b10 Robot/NC 70 | 40 . . . 15 15 . Destroy Leader 74 | . 30 . . 30 14 . Disable Machine 45 | . . . . . 45 . Destroy Structure 25 | . . . . . 25 . Lose Combat Pursuer 195 | . . . . 15 135 45 Influence Decreases 774 | 40 50 104 16 227 230 107 Entered New Map 164 | . . 74 16 . 21 53 Time Decay 580 | 40 50 30 . 227 179 54 Lost Part 30 | . . . . . 30 . Squads Dispatched 3 | . 1 . . . 2 . Investigation . | . . . . . . . Extermination . | . . . . . . . Reinforcement 3 | . 1 . . . 2 . Assault . | . . . . . . . Garrison . | . . . . . . . Intercept . | . . . . . . . Searches Triggered . | . . . . . . . Construction Impeded . | . . . . . . . Haulers Reinforced . | . . . . . . . Active Scanning Responses . | . . . . . . . Cargo Convoy Interrupts . | . . . . . . . Stealth | -11 -10 -10 -10 -9 -8 -7 --------- Run | Yrd Mat Min Exi Min Mat Fac Distress Signals 3 | . . . . . 3 . Communications Jammed . | . . . . . . . Distress Signals . | . . . . . . . Times Spotted 42 | . 8 . . 11 18 5 Peak Tracking Total 6 | . 5 . . 3 6 4 Tactical Retreats 6 | . . . . 1 4 1 Traps | -11 -10 -10 -10 -9 -8 -7 ------- Run | Yrd Mat Min Exi Min Mat Fac Traps Triggered 1 | . . . . . 1 . Indirectly . | . . . . . . . Trap Hack Attempts . | . . . . . . . Triggered . | . . . . . . . Disarmed . | . . . . . . . Reprogrammed . | . . . . . . . Reused . | . . . . . . . Traps Extracted . | . . . . . . . Installed . | . . . . . . . Triggered . | . . . . . . . Most Traps Carried 4 | . . . . 4 4 4 Machines | -11 -10 -10 -10 -9 -8 -7 ---------- Run | Yrd Mat Min Exi Min Mat Fac Machines Disabled 3 | . . . . . 3 . Max in Single Turn 2 | . . . . . 2 . Machines Repaired . | . . . . . . . Machines Dismantled . | . . . . . . . Machines Sabotaged . | . . . . . . . Overloaded Fab Kills . | . . . . . . . Hacking | -11 -10 -10 -10 -9 -8 -7 --------- Run | Yrd Mat Min Exi Min Mat Fac Machines Accessed 6 | . . . 2 . 3 1 Terminals 2 | . . . . . 2 . Fabricators 1 | . . . . . . 1 Repair Stations . | . . . . . . . Recycling Units . | . . . . . . . Scanalyzers 1 | . . . . . 1 . Garrison Access . | . . . . . . . Total Hacks 12 | . . . 2 . 9 1 Successful 6 | . . . 2 . 4 . Failed 6 | . . . . . 5 1 Catastrophic 1 | . . . . . 1 . Database Lockouts . | . . . . . . . Manual 9 | . . . 1 . 7 1 Terminals 7 | . . . . . 7 . Fabricators 1 | . . . . . . 1 Repair Stations . | . . . . . . . Recycling Units . | . . . . . . . Scanalyzers 2 | . . . . . 2 . Garrison Access . | . . . . . . . Terminal Hacks 2 | . . . 2 . . . Record 1 | . . . 1 . . . Proto ID Catalog 1 | . . . 1 . . . Fabricator Hacks . | . . . . . . . Repair Station Hacks . | . . . . . . . Recycling Unit Hacks . | . . . . . . . Scanalyzer 2 | . . . . . 2 . Retrieve Study 2 | . . . . . 2 . Garrison Access Hacks . | . . . . . . . Unauthorized Hacks 2 | . . . . . 2 . Terminals 2 | . . . . . 2 . Botnet 1 | . . . . . 1 . Skim 1 | . . . . . 1 . Fabricators . | . . . . . . . Repair Stations . | . . . . . . . Recycling Units . | . . . . . . . Scanalyzers . | . . . . . . . Garrison Access . | . . . . . . . Data Cores Recovered 1 | . . . . . 1 . Used . | . . . . . . . Hacking Detections 4 | . . . . . 3 1 Full Trace Events . | . . . . . . . Feedback Events . | . . . . . . . Feedback Blocked . | . . . . . . . Robot Schematics Acquired . | . . . . . . . Robots Built . | . . . . . . . Authchips . | . . . . . . . Time . | . . . . . . . Total Robot Build Rating . | . . . . . . . Part Schematics Acquired . | . . . . . . . Parts Built . | . . . . . . . Authchips . | . . . . . . . Time . | . . . . . . . Total Part Build Rating . | . . . . . . . Part Studies Acquired 2 | . . . . . 2 . Parts Repaired . | . . . . . . . Time . | . . . . . . . Parts Recycled . | . . . . . . . Recycled Matter . | . . . . . . . Retrieved Matter . | . . . . . . . Retrieved Components . | . . . . . . . Parts Scanalyzed . | . . . . . . . Part Schematics Acquired . | . . . . . . . Parts Damaged . | . . . . . . . Bothacking | -11 -10 -10 -10 -9 -8 -7 ------------ Run | Yrd Mat Min Exi Min Mat Fac Used RIF Installer . | . . . . . . . Robots Hacked . | . . . . . . . Non-combat . | . . . . . . . Combat . | . . . . . . . Robot Hacks Applied . | . . . . . . . Relay Couplers Released . | . . . . . . . Fabnet Peak Effective % . | . . . . . . . Robots Rewired . | . . . . . . . Allies Hacked . | . . . . . . . Hacks Repelled . | . . . . . . . Allies | -11 -10 -10 -10 -9 -8 -7 -------- Run | Yrd Mat Min Exi Min Mat Fac Total Allies . | . . . . . . . Largest Group . | . . . . . . . Highest-Rated Group . | . . . . . . . Highest-Rated Ally . | . . . . . . . Total Orders . | . . . . . . . Ally Attacks . | . . . . . . . Total Damage . | . . . . . . . Kills . | . . . . . . . Allies Corrupted . | . . . . . . . Allies Melted . | . . . . . . . Intel | -11 -10 -10 -10 -9 -8 -7 ------- Run | Yrd Mat Min Exi Min Mat Fac Active Infowar (turns) 2036 | 51 183 64 740 764 234 . Seismic 2036 | 51 183 64 740 764 234 . Robot Analysis Total . | . . . . . . . Derelict Logs Recovered 1 | . . . . 1 . . Drone Launches . | . . . . . . . Drone Recoveries . | . . . . . . . Exploration | -11 -10 -10 -10 -9 -8 -7 ------------- Run | Yrd Mat Min Exi Min Mat Fac Turns Passed 2689 | 256 183 64 740 780 493 173 Spaces Moved 1697 | 129 71 38 350 280 712 117 Core 59 | 3 . . . . 56 . Treads 865 | 126 71 38 350 280 . . Legs . | . . . . . . . Wheels . | . . . . . . . Hover . | . . . . . . . Flight 773 | . . . . . 656 117 Fastest Speed 26 | 50 160 160 160 240 26 29 Average Speed 126 | 157 160 160 210 240 46 29 Slowest Speed 240 | 160 160 160 240 240 150 29 Overloaded Moves 6 | . . . . . 6 . Propulsion Burnouts . | . . . . . . . Robots Hopped 10 | . . . . . 9 1 Potential Cave-ins . | . . . . . . . Cave-ins Triggered . | . . . . . . . Exploration Rate (%) 28 | 8 12 23 69 43 44 2 Regions Visited 6 Branch Regions 3 Pre-discovered Areas 2 | . . . 1 1 . . Known Exits Taken . | . . . . . . . Unknown Exits Taken 6 | 1 1 1 1 1 1 . Scrap Searched 1 | . . . . 1 . . Spaces Dug . | . . . . . . . Terrain Destroyed 25 | . . . . . 25 . Melee . | . . . . . . . Projectile . | . . . . . . . AOE 25 | . . . . . 25 . Terrain Rammed . | . . . . . . . Walls Destroyed . | . . . . . . . Machines Disabled . | . . . . . . . Actions | -11 -10 -10 -10 -9 -8 -7 --------- Run | Yrd Mat Min Exi Min Mat Fac Total 2066 | 155 103 41 355 331 836 245 Wait 177 | . 4 4 . 1 49 119 Move 1671 | 128 70 37 349 279 693 115 Hop 10 | . . . . . 9 1 Pick Up 28 | 6 5 . 3 11 3 . Fast Attach 17 | 7 . . . . 10 . Attach 9 | 1 . . . . 7 1 Detach . | . . . . . . . Swap 17 | . 1 . 2 3 11 . Drop 36 | 1 3 . 1 4 27 . Fire 98 | 12 20 . . 31 26 9 Melee . | . . . . . . . Ram 1 | . . . . . 1 . Kick . | . . . . . . . Crush 2 | . . . . 2 . . Escape Stasis . | . . . . . . . Rewire . | . . . . . . . Trap . | . . . . . . . Miscellaneous . | . . . . . . . Route ------- -11/Scrapyard -10/Materials -10/Mines -10/Exiles -9/Mines (discovered 2 exits: *Mat x2) -8/Materials -7/Factory History --------- Turn | Location | Event 24 | -11/Scrapyard | Discovered new exit (range 16) 257 | -11/Scrapyard | Entered Materials 272 | -10/Materials | Discovered new exit (range 14) 318 | -10/Materials | Build established: Mutant 422 | -10/Materials | Met 8R-AWN 435 | -10/Materials | Destroyed 7 combat bots 440 | -10/Materials | Entered Mines 441 | -10/Mines | Followed 8R-AWN into the Mines 497 | -10/Mines | Discovered new exit (range 5) 504 | -10/Mines | Entered Exiles 548 | -10/Exiles | Welcomed by 8R-AWN 572 | -10/Exiles | Met EX-HEX 653 | -10/Exiles | Met EX-DEC 825 | -10/Exiles | Learned location of Zion (-6) 866 | -10/Exiles | Met EX-BIN 938 | -10/Exiles | Aligned with FarCom system 941 | -10/Exiles | Given EX-Vault access code 1003 | -10/Exiles | Opened EX-Vault 1015 | -10/Exiles | Found Trap Reconfigurator 1062 | -10/Exiles | Warned to stay clear of 0b10 Research branches 1225 | -10/Exiles | Discovered new exit (range 10) 1244 | -10/Exiles | Left Exiles lab with Trap Reconfigurator 1244 | -10/Exiles | Entered Mines 1276 | -9/Mines | Discovered new exit (range 10) 1330 | -9/Mines | Learned location of Storage (-9) 1567 | -9/Mines | Discovered new exit (range 5) 1709 | -9/Mines | Found a hidden stash of uninstalled traps 1886 | -9/Mines | Core integrity fell below 50% 2024 | -9/Mines | Entered Materials 2024 | -8/Materials | Evolved 4 slots: Propulsion x2, Weapon x2 2429 | -8/Materials | Lost 3 parts (2n1u) 2509 | -8/Materials | Discovered new exit (range 4) 2517 | -8/Materials | Entered Factory 2517 | -7/Factory | Evolved 2 slots: Utility x2 2690 | -7/Factory | Self-destructed Last Messages --------------- +1 support 02476_ Discarded Hacking Suite. 02477_ Acquired Target Analyzer. 02496_ Slammed into T-07 Excavator. 02496_ Destabilizing: System interference. 02496_ Trap Reconfigurator temporarily disabled. 02502_ Connecting with Terminal... 02506_ /AS ES#VRO5G#XJOULY1VPTE&SQFHTTJP%P 02507_ O-16 Technician: "IFF HANDSHAKE FAILED. SECURING TERMINAL." 02509_ EXIT=FOUND 02512_ ALERT: Hostiles spotted, dispatching reinforcements to Terminal M006. PARAMETERS=UTILITY+2 LOCATION=UNKNOWN GOAL=ESCAPE 02517_ Receiving FarCom transmissions... 02521_ Connecting with Fabricator... 02521_ Current location identified: Factory 02529_ Acquired 109 matter. 02639_ ALERT: All DSF locations entering lockdown mode. Map ----- +----------------------------------------------------+ | ?????????????????????????????????????? | | ?????????????????????????????????????? | | ?????????????????????????????????????? | | ?????????????????????????????????????? | | ?????????????????????????????????????? | | ?????????????????????????????????????? | | ?????????????????????????????????????? | | ?????????????????????????????????????? | | ?????????????????????????????????????? | | ?????????????????????????????????????? | | ?????????????????????????????????????? | | ?????????????????????????????????????? | | ?????????????????????????????????????? | | ?????????????????????????????????????? | | ?????????????????????????????????????? | | ?????????????????????????????????????? | | ?????????????????????????????????????? | | ?????????????????????????????????????? | | ?????????????????????????????????????? | | ?????????????????????????????????????? | | ?????????????????????????????????????? | | ?????????##############??????????????? | | ?????????# #??????????????? | | ?????????# """#??????????????? | | ?????????# """#??????????????? | | ?????????# g@ "#??????????????? | | ?????????# "" "F"#??????????????? | | ?????????# "" """#??????????????? | | ?????????# g""" #??????????????? | | ?????????# """ #??????????????? | | ?????????# """ #??????????????? | | ?????????#g ! #??????????????? | | ?????##### #??????????????? | | ?????# + #??????????????? | | ?????# #########+######??????????????? | | ?????# #????# #????????????????? | | ?????# #????# #????????????????? | | ?????# #????# #????????????????? | | ?????# #????# #????????????????? | | ?????# #????# #????????????????? | | ?#####/######## #????????????????? | | ?# # #????????????????? | | ?# # #????????????????? | | ?# + #????????????????? | | ?#! # #????????????????? | | ?# """ # #????????????????? | | ?# """"" # #????????????????? | | ?# """"" # #????????????????? | | ?# # #????????????????? | | ?# """ # ???????????????? | +----------------------------------------------------+ Best States ------------- Heat Dissipation 34 Energy Generation 10 Energy Capacity 250 Matter Stores 300 Matter Capacity 300 Sight Range 16 Terrain Scan Density 10 Armor Coverage 150 Utility Shielding 66 Evasion (%) 64 Target Analysis 5 Recoil Reduction 2 Offensive Hacking 10 Defensive Hacking 10 Trap Extractor Capacity 4 Item Schematics ----------------- None Robot Schematics ------------------ None Fabricated ------------ Nothing Repaired ---------- Nothing Studied --------- Flight Unit | -8/Materials | Hacked Surge Thruster | -8/Materials | Hacked Alien Tech Used ----------------- None Achievements -------------- Follow The Leader Challenges ------------ None Game ------ Seed LauncherImprinterTearclaws Manual? 0 Play Time 00:14:12 Cumulative 948.5 hours Start 2025.11.25 @ 08:19:01 End 2025.11.25 @ 08:34:47 Sessions 1 Manual Loads 0 Difficulty Rogue Special Mode None Game No. 1611 Rogue 1611 Adventurer 0 Explorer 0 Win Type - Total 93 Types 55/1/16/15/4/0/0/1/0/1 Lore% 93 Gallery% 83 Achievement% 63 Wizard Run 0 Options --------- Layout 0 ASCII 1 Keyboard 0 Movement Numpad Keybinds 1 Fullscreen 2 Font 18/SmallcapsGlow Map View 76x50 Zoom Use 0% Tactical HUD 1 Map Filters NONE Filters NONE Steam 1 RUN: 8d21a1a1-853d-4fef-8e9c-c8ff636c35da